 Dungeon Crawl Stone Soup version 0.29.0 (webtiles) character file.

Game seed: 16839893041549185629

36 Kosidy the Conjurer (level 3, -1/14 HPs)
             Began as a Felid Conjurer on Sept 6, 2022.
             Slain by an orc
             ... wielding a +0 dagger
              (4 damage)
             ... on level 3 of the Dungeon.
             The game lasted 00:03:26 (2589 turns).

Kosidy the Conjurer (Felid Conjurer)                Turns: 2589, Time: 00:03:27

Health: -1/14      AC:  1    Str:  9    XL:     3   Next: 19%
Magic:  5/7        EV: 17    Int: 21    God:
Gold:   96         SH:  0    Dex: 14    Spells: 5/6 levels left
                                        Lives:  0   Deaths: 0

rFire   . . .      SeeInvis +   (weapon unavailable)
rCold   . . .      Faith    .   (shield unavailable)
rNeg    . . .      Spirit   .   (body armour unavailable)
rPois   .          Reflect  .   (helmet unavailable)
rElec   .          Harm     .   (cloak unavailable)
rCorr   .          Rampage  .   (gloves unavailable)
Will    +....                   (boots unavailable)
Stlth   ++........              (no amulet)
HPRegen 0.04/turn               d - +6 ring of strength
MPRegen 0.10/turn               l - ring of willpower

@: quick
A: very small, claws 1, fangs 3, see invisible, speed 1, shaggy fur 1, stealthy
paws, no weapons or thrown items, no armour, multi-lived
a: no special abilities


You were on level 3 of the Dungeon.
You visited 1 branch of the dungeon, and saw 3 of its levels.

You collected 96 gold pieces.

Inventory:

Jewellery
 d - a +6 ring of strength (left paw)
 i - a ring of protection from fire
 l - a ring of willpower (right paw)
Scrolls
 e - a scroll of poison {unknown}
 g - 2 scrolls of identify {unknown}
 h - 2 scrolls of enchant weapon {unknown}
 j - 2 scrolls of blinking {unknown}
 k - 2 scrolls of immolation
 q - a scroll of fear {unknown}
Potions
 a - a potion of magic
 b - a potion of degeneration {unknown}
 c - a potion of resistance {unknown}
 f - 2 potions of curing {unknown}
 m - a potion of haste {unknown}
 n - a potion of ambrosia {unknown}
 o - a potion of might {unknown}
 p - 2 potions of flight {unknown}


   Skills:
 + Level 2.7 Dodging
 + Level 3.1 Stealth
 + Level 0.1 Unarmed Combat
 + Level 2.3 Spellcasting
 + Level 4.3 Conjurations


You had 5 spell levels left.
You knew the following spells:

 Your Spells              Type           Power      Damage    Failure   Level
a - Magic Dart            Conj           80%        1d7       2%          1

Your spell library contained the following spells:

 Spells                   Type           Power      Damage    Failure   Level
 Searing Ray              Conj           40%        2d5       3%          2
 Dazzling Flash           Conj/Hex       22%        N/A       19%         3
 Fulminant Prism          Conj/Hex       5%         3d7       52%         4
 Iskenderun's Mystic Bla  Conj/Tloc      11%        2d4       52%         4


Dungeon Overview and Level Annotations

Branches:
Dungeon (3/15)

Altars:
Dithmenos
Fedhas


Innate Abilities, Weirdness & Mutations

You have sharp claws.
You have razor-sharp teeth.
You have supernaturally acute eyesight. (SInv)
You cover ground quickly. (Speed+)
You are covered in fur. (AC +1)
Your paws help you pounce on unaware monsters.
You are incapable of wielding weapons or throwing items.
You cannot wear armour.
You gain extra lives every three experience levels.


Message History

You scratch the orc but do no damage.
The orc is lightly wounded.
A goblin comes into view. It is wielding a +0 club.
Found a scroll labelled XEFRUMNUTOU.
The orc hits you with a +0 short sword.
* * * LOW HITPOINT WARNING * * *
The orc closely misses you.
The orc throws a boomerang.
The boomerang completely misses you. The orc hits you with a +0 dagger.
* * * LOW HITPOINT WARNING * * *
The orc throws a boomerang.
The boomerang barely misses you. The orc misses you.
The orc throws a boomerang.
The boomerang barely misses you.
A hobgoblin comes into view.
The hobgoblin shouts!
Found a scroll labelled EGUF HOTHRU.
Found an emerald potion.
Found a scroll of immolation.
Found a faded altar of an unknown god.
A rat comes into view.
Found a plate armour.
Found a stone staircase leading down.
The orc misses you.
You are too injured to fight recklessly!
Casting: Magic Dart (safe; 2% risk of failure)
Confirm with . or Enter, or press ? or * to list all spells.
Aiming: Magic Dart (safe; 2% risk of failure)
Press: ? - help, Shift-Dir - straight line, f/p - orc
Aim: an orc, wielding a +0 dagger and wearing a +0 leather armour (100% to hit)
The magic dart hits the orc but does no damage.
Casting: Magic Dart (safe; 2% risk of failure)
Confirm with . or Enter, or press ? or * to list all spells.
Aiming: Magic Dart (safe; 2% risk of failure)
Press: ? - help, Shift-Dir - straight line, f/p - orc
Aim: an orc, wielding a +0 dagger and wearing a +0 leather armour (100% to hit)
The magic dart hits the orc.
The orc is severely wounded.
Unknown command.
You barely miss the orc.
The orc is severely wounded.
The orc hits you with a +0 dagger.
You die...

#.# ### ### #.# #>## ..#
#.# #..# #.# #.# #..##
#.# #.# # #...# #.# #.# #
#. #.#.# #.###.# ...
#.##.#.######.....#....~
.....#.........o@....≈~~≈
#.#....#####........~≈≈≈≈
.##...## #.#####.~≈≈~~~≈
..##.##
#.......~~≈~PP≈≈≈≈..#
#.......#
#.....#.~≈≈~~~~≈≈≈~...


You could see an orc.

Vanquished Creatures
  A dart slug (D:2)
  2 bats
  An endoplasm (D:1)
  A giant cockroach (D:2)
  2 goblins
  3 hobgoblins
  3 jackals (D:2)
  2 kobolds (D:1)
  2 quokkas
  2 ball pythons (D:1)
  2 frilled lizards (D:2)
  11 rats (D:1)
32 creatures vanquished.

Notes
Turn   | Place    | Note
-------+----------+-------------------------------------------
     0 | D:1      | Kosidy the Felid Conjurer began the quest for the Orb.
     0 | D:1      | Reached XP level 1. HP: 7/7 MP: 4/4
   327 | D:1      | Reached XP level 2. HP: 11/11 MP: 4/6
   352 | D:1      | Reached skill level 4 in Conjurations
  1558 | D:2      | Found a shadowy altar of Dithmenos.
  1652 | D:2      | Reached XP level 3. HP: 14/14 MP: 5/7
  2474 | D:3      | Found a blossoming altar of Fedhas.
  2560 | D:3      | Found a faded altar of an unknown god.
  2589 | D:3      | Slain by an orc

Illustrated notes

Levels and vault maps discovered:
D:1:      dpeg_arrival_castle, layout_basic, corner_web_ring,
          grunt_decor_junction, minmay_rat_gold_closets
D:2:      layout_basic, basic_altar, serial_aquarium, aquarium_bridge_square
          [aquarium_subvault_wall, aquarium_subvault_bridge,
          aquarium_subvault_wall, aquarium_subvault_bridge],
          aquarium_window_fake, aquarium_window_1, aquarium_window_corridor_3,
          aquarium_view_2g, minmay_curled_crystal
D:3:      layout_basic, okawaru_ov_weapons_minmay, fedhas_ov_isle_minmay,
          serial_forest, infiniplex_forest_clump_small,
          infiniplex_forest_corner_1, infiniplex_forest_lined_3_way,
          infiniplex_forest_lined_room_2, infiniplex_forest_clump_small,
          infiniplex_forest_lined_3, infiniplex_forest_lined_corner,
          hellmonk_ecumenical_altar_blasted, serial_shops, nicolae_diamond_shop

Skill      XL: |  1  2 |
---------------+-------+-----
Conjurations   | 4 |  4.3
Stealth        | 3 |  3.1
Dodging        | |  2.7
Unarmed Combat | |  0.1
Spellcasting   | |  2.3

Action                   || total
-------------------------++-------
Melee: Unarmed           ||    20
       Bite              ||     3
       Punch             ||     1
 Cast: Magic Dart        ||    59
Dodge: Dodged            ||    24
